 Dungeon Crawl Stone Soup version 0.31-a0-185-g9dded2c639 (webtiles) character file.

Game seed: 2633697275846060875

550 qw the Skirmisher (level 7, 0/40 HPs)
             Began as a Deep Elf Hunter on June 22, 2023.
             Slain by a phantom (1 damage)
             ... on level 4 of the Dungeon.
             The game lasted 00:01:03 (2437 turns).

qw the Skirmisher (Deep Elf Hunter)                 Turns: 2437, Time: 00:01:04

Health: 0/40       AC:  9    Str: 10    XL:     7   Next: 7%
Magic:  9/9        EV:  9    Int: 17    God:
Gold:   210        SH:  0    Dex: 18    Spells: 6/6 levels left

rFire   . . .        Y - +0 shortbow
rCold   . . .        (shield currently unavailable)
rNeg    . . .        a - +2 scale mail "Reimof" {Int+3}
rPois   .            (no helmet)
rElec   .            j - scarf {repulsion}
rCorr   .            m - +0 pair of gloves
SInv    .            (no boots)
Will    .....        (no amulet)
Stlth   +            (no ring)
HPRegen 0.26/turn    (no ring)
MPRegen 0.11/turn

%: repel missiles
@: about to teleport
A: no striking features
a: no special abilities


You were on level 4 of the Dungeon.
You visited 1 branch of the dungeon, and saw 4 of its levels.

You collected 210 gold pieces.


   Skills:
 - Level 2.0 Fighting
 + Level 10.5 Ranged Weapons
 - Level 1.6 Armour
 - Level 2.4 Dodging
 - Level 1.2 Stealth


You had 6 spell levels left.
You didn't know any spells.
Your spell library was empty.

Inventory:

Hand Weapons
 Y - a +0 shortbow (weapon)
Armour
 a - the +2 scale mail "Reimof" (worn) {Int+3}
   (You found it on level 3 of the Dungeon)

   Int:       It affects your intelligence (+3).
 j - a scarf of repulsion (worn)
 m - a +0 pair of gloves (worn)
Scrolls
 c - a scroll of enchant weapon {unknown}
 e - 3 scrolls of teleportation
 h - a scroll of fear {unknown}
 k - 2 scrolls of identify
Potions
 b - a potion of might
 d - 5 potions of curing
 f - 2 potions of heal wounds {unknown}
 g - 3 potions of enlightenment {unknown}
 i - a potion of attraction {unknown}

Dungeon Overview and Level Annotations

Branches:
Dungeon (4/15)
 Temple: D:4-7

Altars:
Ashenzari
Fedhas

Annotations:
D:4 3 runed translucent doors, qw's ghost, amateur NaHu


Message History

Enter note:
Enter note:
Enter note:
Enter note: You shoot an arrow.
The arrow closely misses the phantom.
You feel sick. The phantom barely misses you.
You shoot an arrow. The arrow closely misses the phantom.
You feel sick. The phantom hits you.
The phantom blinks!
You blink.
Splash!
You fall into the shallow water.
Moving in this stuff is going to be slow.
An orc comes into view. It is wielding a +0 flail.
Found 9 gold pieces.
The phantom hits you.
The phantom blinks!
You blink.
Enter note:
Enter note:
Enter note:
Enter note:
Enter note:
Enter note:
Enter note:
Enter note:
Enter note:
Enter note:
Enter note:
Enter note:
2435 ||| READING 4 scrolls of teleportation.
As you read the scroll of teleportation, it crumbles to dust.
You feel strangely unstable.
You feel sick.
The orc shouts!
The phantom hits you.
You shoot an arrow.
The arrow hits the phantom but does no damage.
The phantom is lightly damaged.
You feel sick.
You are no longer poisoned.
The phantom hits you but does no damage.
You shoot an arrow. The arrow misses the phantom.
The phantom hits you.
You die...

...............
#...............
#.............#.
#.............#.
#.............#. ..####.
#.............#. .......
###..#########....
.....#.##....# ####.
.........@...# #.
..........W..####### ##
#...~....~...%)....#
#....o.....#)####.#######
#....~~......# #.........
#....~~.....## #.########
#..........## #.#
#...~....~...# #.#
#.............. ..#


You could see a phantom and an orc.

Vanquished Creatures
  Sigmund (D:2)
  2 ogres (D:4)
  A phantom (D:4)
  An orc priest (D:4)
  3 adders
  A white imp (D:4)
  An ufetubus (D:4)
  2 dart slugs
  7 orcs
  7 ball pythons
  7 endoplasms
  2 giant cockroaches
  7 goblins
  6 hobgoblins
  4 jackals (D:2)
  8 kobolds
  A quokka (D:1)
  3 bats
  6 frilled lizards
  6 rats
76 creatures vanquished.

Notes
Turn   | Place    | Note
-------+----------+-------------------------------------------
     0 | D:1      | qw the Deep Elf Hunter began the quest for the Orb.
     0 | D:1      | Reached XP level 1. HP: 12/12 MP: 3/3
     0 | D:1      | 0 ||| qw: Version: 0.3-a-9-g12657ce
     0 | D:1      | 0 ||| qw: Game counter: 1820
     0 | D:1      | 0 ||| qw: Always use a shield: true
     0 | D:1      | 0 ||| qw: God list: Okawaru
     0 | D:1      | 0 ||| qw: Allow faded altars: false
     0 | D:1      | 0 ||| qw: Do Orc after D:15 true
     0 | D:1      | 0 ||| qw: Do second Lair branch before Depths: true
     0 | D:1      | 0 ||| qw: Lair rune preference: random
     0 | D:1      | 0 ||| qw: Plans: Normal
     0 | D:1      | 0 ||| PLANNING D:1-11
    91 | D:1      | Reached XP level 2. HP: 16/16 MP: 4/4
   111 | D:1      | Reached skill level 6 in Ranged Weapons
   349 | D:1      | 349 ||| UPGRADING to +0 ring mail.
   383 | D:1      | 383 ||| DROPPING +0 leather armour.
   486 | D:1      | 486 ||| UPGRADING to scarf of repulsion.
   525 | D:1      | 525 ||| READING scroll labelled ZOOPRU FYE.
   526 | D:1      | 526 ||| READING 2 scrolls labelled KOOGIF RIEFYS.
   530 | D:1      | 530 ||| DROPPING scroll of butterflies.
   554 | D:2      | Reached XP level 3. HP: 20/20 MP: 5/5
   590 | D:2      | Noticed Sigmund
   600 | D:2      | Killed Sigmund
   601 | D:2      | Reached skill level 8 in Ranged Weapons
   601 | D:2      | Reached XP level 4. HP: 15/25 MP: 6/6
   601 | D:2      | Reached XP level 5. HP: 18/29 MP: 7/7
   766 | D:2      | Found a blossoming altar of Fedhas.
   810 | D:2      | Reached skill level 9 in Ranged Weapons
   850 | D:2      | 850 ||| Stepping ~*~*~tactically~*~*~ (outnumbered).
   992 | D:2      | 992 ||| READING scroll labelled SASAEQ BAJECAH.
   993 | D:2      | 993 ||| DRINKING 3 metallic puce potions.
  1015 | D:3      | Noticed a shining eye
  1015 | D:3      | Found a faded altar of an unknown god.
  1080 | D:3      | Identified the +2 scale mail "Reimof" {Int+3}
  1295 | D:3      | Noticed an eye of devastation
  1297 | D:3      | Noticed an eye of devastation
  1304 | D:3      | Noticed a floating eye
  1507 | D:3      | Found a broken altar of Ashenzari.
  1662 | D:3      | 1662 ||| UPGRADING to +2 scale mail "Reimof" {Int+3}.
  1672 | D:3      | 1672 ||| DROPPING +0 ring mail.
  1673 | D:3      | 1673 ||| UPGRADING to +0 pair of gloves.
  1678 | D:3      | 1678 ||| READING 3 scrolls labelled NAOTZE ZAFUMM.
  1679 | D:3      | 1679 ||| DRINKING 2 metallic ruby potions.
  1680 | D:3      | 1680 ||| DRINKING 2 silvery potions.
  1681 | D:3      | 1681 ||| READING 2 scrolls of identify.
  1681 | D:3      | 1681 ||| IDENTIFYING bubbling grey potion
  1682 | D:3      | 1682 ||| DROPPING potion of degeneration.
  1683 | D:3      | 1683 ||| DROPPING potion of magic.
  1690 | D:4      | Noticed an ogre
  1696 | D:4      | Killed an ogre
  1697 | D:4      | Reached skill level 1 in Armour
  1697 | D:4      | Reached XP level 6. HP: 35/35 MP: 8/8
  1723 | D:4      | Found a runed translucent gate.
  1723 | D:4      | Noticed qw's ghost (amateur NaHu)
  2038 | D:4      | Reached skill level 10 in Ranged Weapons
  2297 | D:4      | Found a runed translucent gate.
  2298 | D:4      | Found a runed translucent gate.
  2347 | D:4      | Reached XP level 7. HP: 34/40 MP: 9/9
  2434 | D:4      | HP: 10/40 [poisoned by an adder]
  2435 | D:4      | 2435 ||| READING 4 scrolls of teleportation.
  2435 | D:4      | HP: 4/40 [poisoned by an adder]
  2435 | D:4      | HP: 1/40 [phantom (3)]
  2437 | D:4      | Slain by a phantom

Levels and vault maps discovered:
D:1:      minmay_arrival_solitary_statue, layout_rooms, nicolae_the_louvre
D:2:      layout_rooms, basic_altar, uniq_sigmund
D:3:      layout_basic, nicolae_ashenzari_panopticon,
          hellmonk_ecumenical_altar_watching_god
D:4:      layout_basic, gammafunk_ghost_split, skrybe_limestone_x

Skill      XL: |  1  2  3  4  5  6 |
---------------+-------------------+-----
Ranged Weapons | 6 8 9 10 | 10.5
Fighting       | 2 |  2.0
Armour         | 1 |  1.6
Dodging        | |  2.4
Stealth        | |  1.2

Action                     |  1- 3 |  4- 6 |  7- 9 || total
---------------------------+-------+-------+-------++-------
   Fire: Shortbow          |    64 |   154 |    22 ||   240
    Use: Scroll            |     2 |     3 |     1 ||     6
         Potion            |       |     3 |       ||     3
 Armour: Leather armour    |     3 |       |       ||     3
         Ring mail         |     2 |    10 |       ||    12
         Scale mail        |       |    22 |     5 ||    27
  Dodge: Dodged            |    11 |    35 |     9 ||    55
         Repelled          |     1 |       |       ||     1

Table legend:
 A = Non-vault XP
 B = Vault XP
 C = Vault XP percentage of total XP
 D = Non-vault monster count
 E = Vault monster count
 F = Vault count percentage of total count
                 A         B        C        D         E       F
            +---------+---------+-------+---------+---------+-------
      Total |     561 |     226 |  28.7 |      75 |       1 |   1.3
            +---------+---------+-------+---------+---------+-------
        D:1 |      37 |       0 |   0.0 |      23 |       0 |   0.0
        D:2 |      30 |     226 |  88.3 |      17 |       1 |   5.6
        D:3 |      51 |       0 |   0.0 |      15 |       0 |   0.0
        D:4 |     443 |       0 |   0.0 |      20 |       0 |   0.0
            +---------+---------+-------+---------+---------+-------
